 Dungeon Crawl Stone Soup version 0.28-a0-1613-gdaab1c2f9b (webtiles) character file.

Game seed: 13377778351616509920

1182 vineage the Skirmisher (level 8, -6/53 HPs)
             Began as a Gargoyle Fighter on Jan 21, 2022.
             Mangled by an orc warrior (16 damage)
             ... on level 5 of the Dungeon.
             The game lasted 00:04:19 (4838 turns).

vineage the Skirmisher (Gargoyle Fighter)           Turns: 4838, Time: 00:04:19

Health: -6/53      AC: 13    Str: 21    XL:     8   Next: 42%
Magic:  8/8        EV:  9    Int:  8    God:
Gold:   270        SH:  6    Dex: 11    Spells: 7/7 levels left

rFire   . . .      SeeInvis .   a - +2 flail (vamp)
rCold   . . .      Faith    .   c - +1 buckler
rNeg    + . .      Spirit   .   b - +0 scale mail
rPois   ∞          Reflect  .   (no helmet)
rElec   +          Harm     .   (no cloak)
rCorr   .          Rampage  .   (no gloves)
Will    .....                   (no boots)
Stlth   ..........              h - amulet of the acrobat
HPRegen 0.17/turn               (no ring)
MPRegen 0.11/turn               (no ring)

@: no status effects
A: sickness immunity, AC +5, negative energy resistance 1, electricity
resistance, torment resistance 1, petrification resistance
a: no special abilities


You were on level 5 of the Dungeon.
You visited 1 branch of the dungeon, and saw 6 of its levels.

You collected 270 gold pieces.

Inventory:

Hand Weapons
 a - a +2 vampiric flail (weapon)
Missiles
 s - 2 throwing nets (quivered)
Armour
 b - a +0 scale mail (worn)
 c - a +1 buckler (worn)
Jewellery
 h - an amulet of the acrobat (around neck)
Wands
 q - a wand of paralysis (9)
Scrolls
 d - a scroll of teleportation
 f - 2 scrolls of fog
 l - a scroll of enchant armour
Potions
 e - a potion of brilliance
 g - a potion of degeneration {unknown}
 j - a potion of mutation {unknown}
 k - a potion of attraction {unknown}
 n - a potion of haste {unknown}
 o - a potion of lignification {unknown}
 p - a potion of heal wounds {unknown}


   Skills:
 * Level 7.5 Fighting
 + Level 4.7 Maces & Flails
 + Level 5.7 Armour
 + Level 5.7 Shields


You had 7 spell levels left.
You didn't know any spells.
Your spell library contained the following spells:

 Spells                   Type           Power      Damage    Failure   Level
 Airstrike                Air            0%         N/A       100%        4
 Summon Lightning Spire   Summ/Air       0%         N/A       100%        4
 Lightning Bolt           Conj/Air       0%         1d11      100%        5


Dungeon Overview and Level Annotations

Branches:
Dungeon (6/15)
 Temple: D:4-7

Altars:
Vehumet

Shops:
D:4 (   D:5 (   D:6 !


Innate Abilities, Weirdness & Mutations

You are immune to sickness and miasma.
Your stone body is resilient. (AC +5)
You are immune to poison.
You resist negative energy. (rN+)
You are resistant to electric shocks. (rElec)
You are resistant to unholy torment.
You are immune to petrification.


Message History

You are too injured to fight recklessly!
You are too injured to fight recklessly!
You are too injured to fight recklessly!
You are too injured to fight recklessly!
You are too injured to fight recklessly!
The orc warrior barely misses you.
The orc wizard points at you and mumbles some strange words.
You are confused.
The orc wizard barely misses you.
The orc warrior hits you but does no damage.
The orc wizard gestures wildly while chanting.
The orc wizard flickers and vanishes!
The orc warrior misses you.
A magic dart appears from out of thin air!
The magic dart hits you but does no damage.
The orc warrior hits you with a +0 scimitar.
* * * LOW HITPOINT WARNING * * *
You feel less confused.
An orc warrior is nearby!
An orc warrior is nearby!
An orc warrior is nearby!
An orc warrior is nearby!
An orc wizard appears from thin air!
Reactivating autopickup.
There is a stone staircase leading up here.
You climb upwards.
There is a stone staircase leading down here.
You hit the orc warrior.
You feel better.
The orc warrior is lightly wounded.
The orc warrior hits you with a +0 scimitar!
* * * LOW HITPOINT WARNING * * *
You closely miss the orc warrior.
The orc warrior is lightly wounded.
You block the orc warrior's attack.
You hit the orc warrior but do no damage.
The orc warrior is lightly wounded.
The orc warrior completely misses you.
You barely miss the orc warrior.
The orc warrior is lightly wounded.
The orc warrior hits you with a +0 scimitar!
You die...

..#.........##....# ##.....#
.##....##...#.....###......##
.[##...###.)..#....##....>..#
.......####...#.............#
.......##...###............##
..........#..##......#......#
..........#..#.......##...###
........#......o^.....###.#
.......###......@.....# ###
.......####....#......#
......##..#....###.#.##
..........##.### #####
.......#..##.#.##
.....####.......#
##....###.#.##..#
##..###..#.....#
##..###......##


You could see an orc warrior.

Vanquished Creatures
  An ice beast (D:6)
  A sky beast (D:6)
  An ogre (D:5)
  A black bear (D:6)
  A necrophage (D:4)
  A phantom (D:5)
  A kobold brigand (D:6)
  A scorpion (D:5)
  A water moccasin zombie (D:6)
  A howler monkey (D:5)
  A bullfrog zombie (D:6)
  2 hounds (D:6)
  A jelly (D:5)
  2 iguanas
  A killer bee zombie (D:3)
  A howler monkey zombie (D:6)
  8 gnolls
  5 adders
  A white imp (D:6)
  2 adder skeletons (D:4)
  4 worms
  3 dart slugs
  3 orcs
  6 endoplasms
  3 giant cockroaches (D:1)
  4 goblins
  9 hobgoblins
  4 jackals (D:4)
  8 kobolds
  2 quokkas
  8 ball pythons
  3 bats
  3 frilled lizards
  6 rats
100 creatures vanquished.

Vanquished Creatures (others)
  A fungus (D:1)
  2 plants (D:1)
3 creatures vanquished.

Grand Total: 103 creatures vanquished

Notes
Turn   | Place    | Note
-------+----------+-------------------------------------------
     0 | D:1      | vineage the Gargoyle Fighter began the quest for the Orb.
     0 | D:1      | Reached XP level 1. HP: 14/14 MP: 1/1
    40 | D:1      | Found a faded altar of an unknown god.
   395 | D:1      | Reached XP level 2. HP: 18/19 MP: 2/2
  1025 | D:2      | Reached XP level 3. HP: 24/24 MP: 3/3
  1187 | D:2      | Reached skill level 4 in Fighting
  1602 | D:3      | Reached XP level 4. HP: 18/29 MP: 4/4
  2013 | D:3      | Reached XP level 5. HP: 18/34 MP: 5/5
  2515 | D:4      | Found Nesiup's Antique Weapon Emporium.
  2547 | D:4      | Noticed a necrophage
  2569 | D:4      | Killed a necrophage
  2570 | D:4      | Reached skill level 5 in Fighting
  2570 | D:4      | Reached XP level 6. HP: 23/40 MP: 6/6
  2834 | D:5      | Entered Level 5 of the Dungeon
  2863 | D:5      | Found Egohy's Antique Weapon Boutique.
  2932 | D:5      | Reached XP level 7. HP: 30/45 MP: 7/7
  2939 | D:5      | Reached skill level 6 in Fighting
  3060 | D:5      | Reached skill level 5 in Armour
  3247 | D:6      | Reached skill level 5 in Shields
  3477 | D:6      | Found a radiant altar of Vehumet.
  3538 | D:6      | Reached skill level 7 in Fighting
  3538 | D:6      | Reached XP level 8. HP: 53/53 MP: 8/8
  3549 | D:6      | Found Gaarow's Distillery.
  3872 | D:6      | HP: 1/53 [orc warrior (13)]
  4838 | D:5      | Mangled by an orc warrior

Illustrated notes

Levels and vault maps discovered:
D:1:      dpeg_arrival_short_road, layout_loops_ring,
          shapermc_ecumenical_altar_mp_ritualfount
D:2:      layout_rooms
D:3:      layout_loops_ring
D:4:      layout_gridville, serial_shops, nicolae_stop_n_shop_1,
          grunt_ministairs_14, kennysheep_decorative_pillar
D:5:      layout_cave_pools, serial_shops, nicolae_shop_window_shopping
D:6:      layout_basic, fiery_altar_vehumet, gup_sewer_entry_spiral,
          serial_shops, nicolae_take_the_stairs

Skill      XL: |  1  2  3  4  5  6  7 |
---------------+----------------------+-----
Fighting       | 4 5 7 |  7.5
Armour         | 4 5 |  5.7
Shields        | 4 5 |  5.7
Maces & Flails | 3 4 |  4.7

Action                   |  1- 3 |  4- 6 |  7- 9 || total
-------------------------+-------+-------+-------++-------
Melee: Flail             |    87 |   117 |   165 ||   369
  Use: Scroll            |     8 |     3 |     4 ||    15
       Potion            |       |       |     2 ||     2
Armor: Scale mail        |    43 |    62 |    89 ||   194
Dodge: Dodged            |    31 |    50 |    68 ||   149
Block: Buckler           |    15 |    37 |    42 ||    94

Table legend: (Time is in decaauts)
 A = Elapsed time spent in this place.
 B = Non-inter-level travel time spent in this place.
 C = Inter-level travel time spent in this place.
 D = Time resting spent in this place.
 E = Time spent auto-exploring this place.
 F = Levels seen in this place.
 G = Mean time per level.
                   A        B        C        D        E       F      G
               +--------+--------+--------+--------+--------+-----+--------+
         Total |   4937 |   4792 |    145 |    614 |   3305 |   6 |  822.8 |
       Dungeon |   4937 |   4792 |    145 |    614 |   3305 |   6 |  822.8 |
               +--------+--------+--------+--------+--------+-----+--------+

Top non-repeatable levels by time:
     D:6: 1366 daAuts
     D:1: 988 daAuts
     D:3: 903 daAuts
     D:5: 680 daAuts
     D:2: 617 daAuts
     D:4: 380 daAuts
